AoeStats
← be4thoven

Arena

507554047Analyzed
1v1 RM · 14d ago on Sep 18, 2026· 47m 48s· 2 players
Game mode
Random Map
Map size
Tiny (2 player)
Population
200
Speed
Normal
Resources
Standard
Victory
Conquest
Starting age
Dark Age
Ending age
Imperial Age
RankedLock teamsTeams togetherTeam positionsShared explorationLock speedFull tech treeHidden civsTurbo modeCheats
Victory
Defeat
🇩🇪 Mongols · Germany
780
+15
🇦🇷 Spanish · Argentina
767
-15
Geroaranda94
10:39 Feudal Age
11:17 Double-Bit Axe
15:12 Gold Mining
19:28 Castle Age
19:53 Elite Skirmisher
23:21 Bow Saw
24:20 Stone Mining
25:04 Padded Archer Armor
27:33 Wheelbarrow
28:36 Pikeman
30:31 Hand Cart
30:52 Leather Archer Armor
34:49 Horse Collar
35:17 Scale Barding Armor
36:31 Thumb Ring
37:30 Chain Barding Armor
41:17 Forging
40:58 Fletching
45:28 Imperial Age
46:49 Cavalier
be4thoven
8:34 Feudal Age
9:06 Double-Bit Axe
10:39 Wheelbarrow
13:00 Horse Collar
18:32 Castle Age
17:53 Fletching
18:11 Padded Archer Armor
19:24 Bow Saw
19:16 Heavy Plow
23:45 Thumb Ring
23:55 Forging
23:54 Scale Barding Armor
23:46 Bodkin Arrow
24:35 Husbandry
25:00 Bloodlines
25:18 Loom
25:24 Light Cavalry
26:41 Pikeman
30:09 Hand Cart
31:34 Ballistics
32:20 Iron Casting
31:47 Gold Mining
34:03 Stone Mining
35:15 Chain Barding Armor
35:11 Leather Archer Armor
35:40 Squires
36:20 Town Watch
40:25 Imperial Age
38:43 Elite Skirmisher
42:06 Chemistry
41:10 Bracer
42:11 Blast Furnace
41:44 Parthian Tactics
41:19 Hussar
41:23 Capped Ram
43:18 Town Patrol
42:56 Heavy Cavalry Archer
44:58 Scale Mail Armor
45:57 Siege Engineers
45:53 Siege Ram
Connection lost

Rejoining the realm…

Still unreachable

The connection could not be restored.

Session expired

The server has moved on; the page needs a fresh start.